 Dungeon Crawl Stone Soup version 0.20.1-1-g8b1a95d (webtiles) character file.

151 digijack the Ruffian (level 5, 0/38 HPs)
             Began as a Formicid Transmuter on Dec 19, 2017.
             Succumbed to an adder's poison
             ... on level 4 of the Dungeon.
             The game lasted 00:15:18 (3201 turns).

digijack the Ruffian (Formicid Transmuter)          Turns: 3201, Time: 00:15:19

Health: 0/38       AC:  0    Str: 14    XL:     5   Next: 60%
Magic:  9/9        EV: 12    Int: 13    God:
Gold:   147        SH:  0    Dex: 12    Spells: 8/9 levels left

rFire    . . .     SeeInvis +     - Unarmed
rCold    . . .     Gourm    .   (no shield)
rNeg     . . .     Faith    .   (no armour)
rPois    .         Spirit   .   (helmet unavailable)
rElec    .         Reflect  .   (no cloak)
rCorr    .         Harm     .   (no gloves)
MR       .....                  (no boots)
Stlth    ++........             (no amulet)
Regen    0.2/turn               (no ring)
MPRegen  0.2/turn               (no ring)

@: lethally poisoned (0 -> -6)
A: permanent stasis, dig shafts and tunnels, four strong arms, antennae 3
a: Dig, Shaft Self


You were on level 4 of the Dungeon.
You were not hungry.

You visited 1 branch of the dungeon, and saw 4 of its levels.

You collected 147 gold pieces.

Inventory:

Armour
 b - a +1 robe
Scrolls
 e - a scroll of remove curse
 g - 3 scrolls of identify
Potions
 f - 3 potions of curing
Books
 c - a book of Changes

   Spells                             Type                      Level
   a - Beastly Appendage              Transmutation                1
   b - Sticks to Snakes               Transmutation                2
   c - Spider Form                    Transmutation/Poison         3
   d - Ice Form                       Ice/Transmutation            4
   e - Blade Hands                    Transmutation                5
Comestibles
 a - a meat ration
 d - 3 bread rations
 h - a fruit
 i - 4 chunks of flesh
 j - a royal jelly


   Skills:
 + Level 2.1 Fighting
 + Level 2.0 Dodging
 + Level 2.3 Stealth
 + Level 3.9 Unarmed Combat
 + Level 2.9 Spellcasting
 + Level 3.3 Transmutations


You had 8 spell levels left.
You knew the following spells:

 Your Spells              Type           Power        Failure   Level  Hunger
a - Beastly Appendage     Tmut           ##....       6%          1    #......


Dungeon Overview and Level Annotations

Branches:
Dungeon (4/15)
 Temple: D:4-7

Altars:
Ru
Xom
Zin


Innate Abilities, Weirdness & Mutations

You cannot be hasted, slowed, berserked, paralysed or teleported.
You can dig through walls and to a lower floor.
Your four strong arms can wield two-handed weapons with a shield.
You have a pair of large antennae on your head. (SInv)


Message History

You shout for attention!
The adder barely misses you.
You feel sick. The adder closely misses you. The adder barely misses you.
The giant cockroach bites you.
* * * LOW HITPOINT WARNING * * *
The adder barely misses you. The giant cockroach barely misses you.
The adder closely misses you. The giant cockroach closely misses you.
The adder closely misses you. The giant cockroach misses you.
You feel sick. The adder barely misses you. The giant cockroach bites you.
* * * LOW HITPOINT WARNING * * *
The adder barely misses you. The giant cockroach misses you.
The adder bites you.
* * * LOW HITPOINT WARNING * * *
The giant cockroach bites you.
* * * LOW HITPOINT WARNING * * *
The adder bites you.
* * * LOW HITPOINT WARNING * * *
You are more poisoned.
The adder poisons you! The giant cockroach barely misses you.
You die...

.. !.################
.......... .......
.....!... #....# {
#....... #....# #......
#..s.# { #.....####+#
#@# #.....'....#####S#
#.)...###......#.######
####...<#......'....{...
######.#..).#.#######
...#....#.# ##########.#
{ #.# #)#


You could see an adder and a giant cockroach.

Vanquished Creatures
  An iguana (D:4)
  6 adders
  An adder skeleton (D:4)
  A worm (D:3)
  A dart slug (D:2)
  3 leopard geckos
  11 bats
  3 giant cockroaches
  6 goblins
  3 hobgoblins (D:1)
  4 jackals (D:1)
  9 kobolds
  2 quokkas
  3 frilled lizards
  4 rats
58 creatures vanquished.

Notes
Turn   | Place    | Note
-------+----------+-------------------------------------------
     0 | D:1      | digijack the Formicid Transmuter began the quest for the Orb.
     0 | D:1      | Reached XP level 1. HP: 15/15 MP: 3/3
   243 | D:1      | Reached XP level 2. HP: 21/21 MP: 3/5
   749 | D:1      | Reached skill level 1 in Stealth
   763 | D:1      | Reached XP level 3. HP: 21/26 MP: 4/6
  1629 | D:2      | Reached XP level 4. HP: 16/33 MP: 6/8
  2293 | D:3      | Found a sacrificial altar of Ru.
  2294 | D:3      | Found a glowing silver altar of Zin.
  2301 | D:3      | Found a shimmering altar of Xom.
  2435 | D:3      | Reached XP level 5. HP: 36/38 MP: 9/9
  3200 | D:4      | HP: 1/38 [adder (3)]
  3201 | D:4      | Succumbed to an adder's poison

Skill      XL: |  1  2  3  4  5 |
---------------+----------------+-----
Stealth        | 1 2 |  2.3
Fighting       | 2 |  2.1
Transmutations | 3 |  3.3
Dodging        | 2 |  2.0
Unarmed Combat | |  3.9
Spellcasting   | |  2.9

Action                   |  1- 3 |  4- 6 || total
-------------------------+-------+-------++-------
Melee: Unarmed           |   123 |    98 ||   221
       Kick              |    15 |    20 ||    35
       Punch             |     1 |     1 ||     2
 Cast: Beastly Appendage |    27 |    16 ||    43
  Use: Scroll            |     3 |     4 ||     7
       Potion            |     3 |     2 ||     5
 Stab: Sleeping          |     1 |     6 ||     7
       Distracted        |     1 |       ||     1
  Eat: Chunk             |     3 |     4 ||     7
       Meat ration       |       |     1 ||     1
Armor: Robe              |    42 |    24 ||    66
Dodge: Dodged            |    80 |    99 ||   179
